AoeStats
← Seirios

Lombardia

510184173Analyzed
2v2 RM · 4d ago on Sep 29, 2026· 76m 48s· 4 players
Game mode
Random Map
Map size
Medium (4 player)
Population
200
Speed
Normal
Resources
Standard
Victory
Conquest
Starting age
Dark Age
Ending age
Imperial Age
RankedLock teamsTeams togetherTeam positionsShared explorationLock speedFull tech treeHidden civsTurbo modeCheats
Victory
Defeat
805
+14
🇨🇴 Celts · Colombia
781
+15
🇨🇦 Celts · Canada
776
-14
🇨🇦 Danes · Canada
764
-15
Casque Brillant
10:54 Feudal Age
11:23 Double-Bit Axe
11:21 Horse Collar
11:05 Man-at-Arms
17:29 Scale Barding Armor
17:34 Forging
24:10 Castle Age
25:25 Bow Saw
25:18 Heavy Plow
28:47 Gold Mining
31:34 Gold Shaft Mining
34:06 Imperial Age
31:51 Arson
32:02 Fletching
32:22 Stone Mining
35:26 Wheelbarrow
34:37 Town Watch
40:22 Stone Shaft Mining
40:38 Hand Cart
40:36 Bodkin Arrow
41:11 Stronghold
42:15 Ballistics
47:20 Chemistry
50:20 Heavy Scorpion
51:27 Conscription
51:22 Furor Celtica
50:36 Elite Woad Raider
51:20 Scale Mail Armor
51:23 Gambesons
52:36 Onager
54:39 Chain Mail Armor
55:00 Iron Casting
56:21 Pikeman
57:13 Padded Archer Armor
57:44 Plate Mail Armor
57:15 Guard Tower
59:01 Hoardings
59:27 Caravan
62:59 Murder Holes
63:47 Keep
63:21 Pikeman
66:07 Blast Furnace
64:55 Halberdier
Seirios
8:28 Loom
12:04 Feudal Age
12:48 Double-Bit Axe
12:51 Man-at-Arms
27:40 Bloodlines
27:56 Horse Collar
29:15 Wheelbarrow
32:11 Castle Age
32:20 Pikeman
37:39 Light Cavalry
38:20 Husbandry
40:07 Arson
45:36 Murder Holes
45:14 Long Swordsman
49:01 Ballistics
51:51 Squires
58:44 Fletching
58:54 Scale Mail Armor
68:44 Wheelbarrow
73:56 Crossbowman
radiotiempo.todoeltiempo
2:19 Loom
10:18 Feudal Age
13:14 Bloodlines
14:45 Scale Barding Armor
16:46 Forging
24:24 Castle Age
23:59 Double-Bit Axe
26:04 Fletching
27:05 Iron Casting
28:36 Gold Mining
30:02 Squires
30:08 Scale Mail Armor
30:09 Arson
30:41 Stone Mining
31:57 Town Watch
38:41 Horse Collar
41:03 Wheelbarrow
43:34 Imperial Age
43:29 Chain Barding Armor
44:19 Chain Mail Armor
44:45 Conscription
47:18 Elite Jarl
48:08 Husbandry
49:05 Hand Cart
49:41 Plate Barding Armor
49:25 Heavy Plow
50:19 Bow Saw
53:07 Blast Furnace
54:50 Two-Man Saw
55:36 Crop Rotation
57:24 Stone Shaft Mining
57:12 Ballistics
56:55 Bodkin Arrow
57:51 Fortified Wall
60:31 Heavy Mounted Crossbowman
60:32 Cranequins
61:34 Town Patrol
62:57 Bracer
62:57 Padded Archer Armor
63:28 Plate Mail Armor
69:24 Leather Archer Armor
69:12 Onager
GenghisKhan't
0:42 Loom
12:06 Feudal Age
12:51 Man-at-Arms
21:01 Gold Mining
21:04 Stone Mining
21:13 Double-Bit Axe
21:35 Horse Collar
22:57 Fletching
25:49 Wheelbarrow
25:07 Arson
27:48 Town Watch
31:35 Castle Age
30:06 Scale Mail Armor
30:17 Forging
31:19 Padded Archer Armor
32:18 Scale Barding Armor
32:35 Hand Cart
32:08 Long Swordsman
32:33 Gambesons
34:19 Gold Shaft Mining
34:42 Stronghold
34:38 Pikeman
36:31 Crossbowman
40:22 Town Patrol
41:33 Iron Casting
43:03 Heavy Plow
43:21 Chain Mail Armor
45:08 Bow Saw
46:28 Bodkin Arrow
46:49 Leather Archer Armor
47:42 Caravan
49:33 Ballistics
49:09 Murder Holes
49:48 Fortified Wall
51:14 Husbandry
50:35 Light Cavalry
52:36 Chain Barding Armor
55:37 Imperial Age
55:10 Guard Tower
55:31 Masonry
55:51 Heavy Scorpion
58:11 Chemistry
57:13 Onager
59:16 Blast Furnace
58:41 Conscription
59:38 Furor Celtica
60:46 Plate Mail Armor
60:47 Ring Archer Armor
61:35 Elite Woad Raider
61:42 Capped Ram
64:17 Siege Engineers
65:21 Hoardings
64:42 Cavalier
69:22 Siege Onager
Connection lost

Rejoining the realm…

Still unreachable

The connection could not be restored.

Session expired

The server has moved on; the page needs a fresh start.